General information
- name: BNet
- type: Ladder team game (AT/RT)
- host: Battle.net
- saver: YankeeDevil
map: Slalom
- players: 8
- length: 39:54
- speed: Fast
- version: 1.26 W3XP
- replay type: Public
» download(251 KB)
Players
team 1 (loser)
Apmyp (
purple | 26 APM | 1042 actions | 39:52)
6 Shadow Hunter
3 Healing Wave
2 Serpent Ward
1 Big Bad Voodoo
» actions
| Assign group hotkey | 28 | |
| Build / train | 85 | |
| Enter build submenu | 14 | |
| Enter hero's abilities submenu | 6 | |
| Remove unit from queue | 2 | |
| Right click | 381 | |
| Select / deselect | 238 | |
| Select group hotkey | 242 | |
| Use ability | 46 | |
1042 total
» units
| Peon | 25 | |
| Troll Headhunter/Berserker | 7 | |
| Wind Rider | 22 | |
| Shaman | 2 | |
| Troll Witch Doctor | 1 | |
57 total
» upgrades
| Ranged Weapons | 3 | |
| Armor | 3 | |
| Shaman Training | 2 | |
| Witch Doctor Training | 2 | |
| Envenomed Spears | 1 | |
| Reinforced Defenses | 1 | |
| Spiked Barricades | 1 | |
13 total
» buildings
| Orc Burrow | 6 | |
| Altar of Storms | 1 | |
| War Mill | 1 | |
| Barracks | 1 | |
| Voodoo Lounge | 1 | |
| Stronghold | 1 | |
| Beastiary | 2 | |
| Great Hall | 1 | |
| Spirit Lodge | 1 | |
| Fortress | 1 | |
16 total
» build order
00:27 Orc Burrow
00:41 Altar of Storms
00:53 War Mill
01:08 Barracks
01:49 Orc Burrow
02:24 Voodoo Lounge
02:59 Stronghold
04:32 Orc Burrow
05:40 Beastiary
05:41 Beastiary
07:40 Great Hall
08:01 Spirit Lodge
08:40 Orc Burrow
10:06 Fortress
11:13 Orc Burrow
12:32 Orc Burrow
» items
| Healing Salve | 1 | |
| Lesser Clarity Potion | 2 | |
3 total

»
Let.me.in (
pink | 65 APM | 2483 actions | 38:29)
6 Blademaster
3 Wind Walk
2 Critical Strike
1 Bladestorm
6 Tauren Chieftain
3 Endurance Aura
2 Shockwave
1 Reincarnation
» actions
| Assign group hotkey | 41 | |
| Basic commands | 46 | |
| Build / train | 99 | |
| Enter build submenu | 22 | |
| Enter hero's abilities submenu | 12 | |
| Remove unit from queue | 6 | |
| Right click | 718 | |
| Select / deselect | 526 | |
| Select group hotkey | 856 | |
| Use ability | 157 | |
2483 total
» units
| Peon | 41 | |
| Shaman | 5 | |
| Troll Witch Doctor | 7 | |
| Tauren | 5 | |
58 total
» upgrades
| Spiked Barricades | 3 | |
| Shaman Training | 2 | |
| Witch Doctor Training | 2 | |
| Reinforced Defenses | 1 | |
| Melee Weapons | 3 | |
| Armor | 3 | |
| Pulverize | 1 | |
15 total
» buildings
| Altar of Storms | 1 | |
| Orc Burrow | 8 | |
| War Mill | 1 | |
| Voodoo Lounge | 1 | |
| Stronghold | 2 | |
| Great Hall | 2 | |
| Fortress | 3 | |
| Spirit Lodge | 3 | |
| Watch Tower | 8 | |
| Tauren Totem | 2 | |
31 total
» build order
00:15 Altar of Storms
00:21 Orc Burrow
01:14 War Mill
01:29 Voodoo Lounge
02:34 Orc Burrow
02:39 Stronghold
03:34 Great Hall
04:29 Orc Burrow
05:01 Fortress
05:01 Fortress
05:07 Spirit Lodge
05:08 Spirit Lodge
05:19 Spirit Lodge
06:14 Orc Burrow
06:16 Orc Burrow
08:40 Orc Burrow
10:15 Watch Tower
10:16 Watch Tower
10:18 Watch Tower
14:17 Orc Burrow
14:17 Orc Burrow
16:40 Tauren Totem
16:42 Tauren Totem
21:29 Great Hall
27:32 Watch Tower
27:33 Watch Tower
27:35 Watch Tower
27:36 Watch Tower
27:40 Watch Tower
ellivekin (
orange | 75 APM | 2596 actions | 34:28)
8 Warden
3 Fan of Knives
3 Blink
1 Spirit of Vengeance
1 Shadow Strike
» actions
| Assign group hotkey | 25 | |
| Basic commands | 197 | |
| Build / train | 71 | |
| Enter build submenu | 17 | |
| Enter hero's abilities submenu | 8 | |
| Give item / drop item | 4 | |
| Right click | 806 | |
| Select / deselect | 137 | |
| Select group hotkey | 1172 | |
| Use ability | 159 | |
2596 total
» units
» buildings
| Altar of Elders | 1 | |
| Moon Well | 6 | |
| Ancient of Wonders | 3 | |
| Tree of Ages | 1 | |
| Tree of Eternity | 1 | |
| Ancient of Wind | 3 | |
| Tree of Life | 1 | |
16 total
» build order
00:12 Altar of Elders
00:16 Moon Well
01:15 Ancient of Wonders
02:31 Tree of Ages
06:31 Tree of Eternity
09:46 Ancient of Wonders
10:48 Moon Well
13:50 Ancient of Wonders
17:47 Ancient of Wind
17:47 Ancient of Wind
17:48 Ancient of Wind
19:05 Moon Well
19:06 Moon Well
19:06 Moon Well
19:08 Moon Well
26:04 Tree of Life
» items
| Lesser Clarity Potion | 3 | |
| Dust of Appearance | 1 | |
| Circlet of Nobility | 1 | |
| Boots of Speed | 1 | |
| Staff of Teleportation | 1 | |
| Potion of Healing | 11 | |
| Potion of Mana | 4 | |
| Orb of Venom | 1 | |
| Orb of Lightning | 2 | |
| Scroll of Town Portal | 3 | |
| Healing Salve | 1 | |
29 total
adi1998 (
blue | 39 APM | 1456 actions | 37:21)
5 Paladin
3 Holy Light
1 Divine Shield
1 Devotion Aura
» actions
| Build / train | 98 | |
| Enter build submenu | 24 | |
| Enter hero's abilities submenu | 5 | |
| Give item / drop item | 1 | |
| Remove unit from queue | 4 | |
| Right click | 878 | |
| Select / deselect | 360 | |
| Use ability | 86 | |
1456 total
» units
| Peasant | 44 | |
| Footman | 5 | |
| Gryphon Rider | 14 | |
63 total
» upgrades
| Swords | 3 | |
| Lumber Harvesting | 2 | |
| Armor | 3 | |
| Storm Hammers | 1 | |
9 total
» buildings
| Farm | 21 | |
| Altar of Kings | 1 | |
| Barracks | 1 | |
| Lumber Mill | 1 | |
| Keep | 1 | |
| Blacksmith | 1 | |
| Town Hall | 1 | |
| Gryphon Aviary | 3 | |
| Castle | 1 | |
| Scout Tower | 20 | |
| Guard Tower | 8 | |
| Arcane Tower | 6 | |
| Arcane Vault | 1 | |
66 total
» build order
00:25 Farm
00:38 Altar of Kings
00:55 Barracks
00:58 Farm
01:59 Farm
02:31 Farm
02:37 Lumber Mill
05:00 Keep
05:03 Farm
05:16 Blacksmith
06:13 Town Hall
07:58 Gryphon Aviary
08:02 Gryphon Aviary
08:05 Castle
08:09 Gryphon Aviary
10:00 Scout Tower
10:01 Scout Tower
10:02 Scout Tower
10:02 Scout Tower
10:03 Scout Tower
10:04 Scout Tower
10:05 Scout Tower
10:06 Scout Tower
10:08 Scout Tower
10:34 Farm
10:35 Farm
10:37 Farm
10:38 Farm
10:39 Farm
10:43 Farm
10:43 Farm
10:46 Farm
10:46 Farm
11:40 Guard Tower
11:45 Arcane Tower
12:39 Guard Tower
12:41 Arcane Tower
12:46 Scout Tower
12:47 Scout Tower
12:47 Scout Tower
12:48 Scout Tower
13:12 Guard Tower
13:59 Guard Tower
14:54 Farm
14:55 Farm
14:55 Farm
14:56 Farm
15:18 Guard Tower
15:55 Scout Tower
15:56 Scout Tower
15:57 Scout Tower
16:46 Arcane Tower
16:48 Arcane Tower
17:43 Guard Tower
17:52 Scout Tower
17:52 Scout Tower
17:53 Scout Tower
17:55 Scout Tower
18:28 Farm
18:29 Farm
18:29 Farm
19:42 Arcane Tower
19:43 Guard Tower
20:04 Guard Tower
20:57 Arcane Tower
25:20 Arcane Vault
team 2 (winner)
YankeeDevil (
yellow | 78 APM | 3111 actions | 39:54)
9 Blood Mage
3 Flame Strike
2 Siphon Mana
1 Summon Phoenix
3 Banish
» actions
| Assign group hotkey | 272 | |
| Basic commands | 76 | |
| Build / train | 102 | |
| Enter build submenu | 49 | |
| Enter hero's abilities submenu | 9 | |
| Give item / drop item | 1 | |
| Remove unit from queue | 5 | |
| Right click | 1707 | |
| Select / deselect | 386 | |
| Select group hotkey | 313 | |
| Use ability | 191 | |
3111 total
» units
| Peasant | 25 | |
| Footman | 6 | |
| Sorceress | 8 | |
39 total
» upgrades
| Lumber Harvesting | 2 | |
| Sorceress Training | 1 | |
| Magic Sentry | 1 | |
| Masonry | 3 | |
7 total
» buildings
| Altar of Kings | 1 | |
| Barracks | 1 | |
| Farm | 4 | |
| Town Hall | 2 | |
| Keep | 2 | |
| Arcane Vault | 2 | |
| Lumber Mill | 1 | |
| Scout Tower | 64 | |
| Guard Tower | 10 | |
| Arcane Tower | 5 | |
| Arcane Sanctum | 1 | |
| Castle | 1 | |
94 total
» build order
00:40 Altar of Kings
00:41 Barracks
00:51 Farm
01:04 Farm
01:05 Farm
02:07 Farm
04:34 Town Hall
04:35 Keep
04:41 Arcane Vault
04:44 Lumber Mill
06:22 Scout Tower
06:22 Scout Tower
06:24 Scout Tower
06:26 Scout Tower
06:34 Scout Tower
06:58 Guard Tower
07:16 Arcane Tower
07:25 Arcane Sanctum
08:31 Scout Tower
08:31 Scout Tower
08:32 Scout Tower
08:32 Scout Tower
08:44 Scout Tower
08:45 Scout Tower
08:46 Scout Tower
08:48 Scout Tower
09:40 Guard Tower
09:54 Arcane Tower
09:57 Arcane Tower
10:22 Arcane Tower
10:25 Scout Tower
10:26 Scout Tower
10:26 Scout Tower
11:32 Guard Tower
12:40 Castle
16:50 Scout Tower
16:51 Scout Tower
16:51 Scout Tower
16:51 Scout Tower
16:52 Scout Tower
16:52 Scout Tower
16:52 Scout Tower
16:53 Scout Tower
16:53 Scout Tower
16:53 Scout Tower
18:06 Guard Tower
22:53 Guard Tower
25:48 Scout Tower
25:48 Scout Tower
25:49 Scout Tower
25:49 Scout Tower
25:50 Scout Tower
25:50 Scout Tower
25:50 Scout Tower
25:51 Scout Tower
25:51 Scout Tower
25:52 Scout Tower
25:52 Scout Tower
25:52 Scout Tower
25:53 Scout Tower
25:53 Scout Tower
25:53 Scout Tower
26:46 Guard Tower
26:54 Keep
26:57 Guard Tower
27:22 Guard Tower
27:41 Arcane Tower
29:12 Guard Tower
33:49 Arcane Vault
35:51 Town Hall
36:21 Scout Tower
36:23 Scout Tower
36:24 Scout Tower
36:26 Scout Tower
36:29 Scout Tower
36:36 Scout Tower
36:36 Scout Tower
36:38 Scout Tower
36:39 Scout Tower
36:44 Scout Tower
36:51 Guard Tower
37:35 Guard Tower
37:38 Scout Tower
37:38 Scout Tower
37:40 Scout Tower
37:42 Scout Tower
37:43 Scout Tower
37:45 Scout Tower
37:45 Scout Tower
39:03 Guard Tower
» items
| Boots of Speed | 1 | |
| Staff of Teleportation | 1 | |
| Potion of Invisibility | 5 | |
| Periapt of Vitality | 1 | |
| Potion of Healing | 2 | |
| Scroll of Regeneration | 2 | |
| Potion of Mana | 3 | |
| Lesser Clarity Potion | 2 | |
| Scroll of Town Portal | 4 | |
| Anti-magic Potion | 1 | |
| Orb of Corruption | 1 | |
23 total
LoL357 (
green | 65 APM | 2601 actions | 39:53)
9 Death Knight
3 Death Coil
3 Unholy Aura
1 Animate Dead
2 Death Pact
1 Demon Hunter
1 Evasion
8 Crypt Lord
3 Impale
3 Spiked Carapace
1 Locust Swarm
1 Carrion Beetles
8 Lich
3 Frost Nova
3 Frost Armor
1 Death and Decay
1 Dark Ritual
» actions
| Assign group hotkey | 49 | |
| Basic commands | 5 | |
| Build / train | 95 | |
| Enter build submenu | 19 | |
| Enter hero's abilities submenu | 26 | |
| Give item / drop item | 7 | |
| Right click | 963 | |
| Select / deselect | 361 | |
| Select group hotkey | 888 | |
| Use ability | 188 | |
2601 total
» units
| Acolyte | 27 | |
| Ghoul | 3 | |
| Frost Wyrm | 16 | |
46 total
» upgrades
| Creature Attack | 2 | |
| Creature Carapace | 2 | |
4 total
» buildings
| Crypt | 1 | |
| Ziggurat | 9 | |
| Altar of Darkness | 1 | |
| Graveyard | 1 | |
| Tomb of Relics | 1 | |
| Halls of the Dead | 3 | |
| Black Citadel | 1 | |
| Sacrificial Pit | 1 | |
| Boneyard | 2 | |
20 total
» build order
00:11 Crypt
00:13 Ziggurat
00:37 Altar of Darkness
01:03 Graveyard
01:27 Tomb of Relics
02:53 Halls of the Dead
02:53 Halls of the Dead
02:53 Halls of the Dead
05:18 Black Citadel
05:51 Ziggurat
05:54 Ziggurat
07:03 Sacrificial Pit
07:41 Ziggurat
07:45 Ziggurat
07:59 Boneyard
08:04 Boneyard
10:03 Ziggurat
10:04 Ziggurat
20:46 Ziggurat
20:52 Ziggurat
» items
| Rod of Necromancy | 2 | |
| Circlet of Nobility | 1 | |
| Orb of Corruption | 2 | |
| Boots of Speed | 2 | |
| Scroll of Town Portal | 2 | |
| Periapt of Vitality | 1 | |
| Staff of Teleportation | 1 | |
11 total

»
aMoK)MeRcy. (
red | 42 APM | 1663 actions | 39:53)
4 Demon Hunter
3 Immolation
1 Evasion
» actions
| Basic commands | 31 | |
| Build / train | 80 | |
| Enter build submenu | 18 | |
| Enter hero's abilities submenu | 4 | |
| Give item / drop item | 1 | |
| Right click | 1157 | |
| Select / deselect | 326 | |
| Use ability | 46 | |
1663 total
» units
| Wisp | 19 | |
| Archer | 2 | |
| Huntress | 9 | |
| Dryad | 12 | |
| Chimaera | 15 | |
| Hippogryph | 6 | |
63 total
» upgrades
| Sentinel | 1 | |
| Abolish Magic | 1 | |
| Upgrade Moon Glaive | 1 | |
| Corrosive Breath | 1 | |
4 total
» buildings
| Altar of Elders | 1 | |
| Moon Well | 9 | |
| Ancient of War | 1 | |
| Tree of Ages | 1 | |
| Hunter's Hall | 1 | |
| Ancient of Wonders | 2 | |
| Ancient of Lore | 1 | |
| Ancient of Wind | 1 | |
| Tree of Eternity | 2 | |
| Chimaera Roost | 1 | |
20 total
» build order
00:06 Altar of Elders
00:10 Moon Well
00:16 Ancient of War
02:32 Moon Well
05:21 Tree of Ages
05:33 Hunter's Hall
05:41 Ancient of Wonders
07:38 Moon Well
08:40 Moon Well
09:00 Ancient of Lore
09:21 Ancient of Wind
09:35 Ancient of Wonders
09:50 Tree of Eternity
11:18 Moon Well
12:35 Moon Well
13:29 Chimaera Roost
15:04 Moon Well
16:02 Moon Well
16:56 Moon Well
» items
| Potion of Healing | 2 | |
| Potion of Mana | 2 | |
| Orb of Venom | 1 | |
5 total
LoVeDuBsTeP (
teal | 27 APM | 1076 actions | 39:53)
6 Priestess of the Moon
3 Trueshot Aura
2 Searing Arrows
1 Starfall
» actions
| Build / train | 70 | |
| Enter build submenu | 31 | |
| Enter hero's abilities submenu | 7 | |
| Remove unit from queue | 4 | |
| Right click | 480 | |
| Select / deselect | 410 | |
| Use ability | 74 | |
1076 total
» units
| Wisp | 31 | |
| Archer | 7 | |
| Mountain Giant | 7 | |
45 total
» upgrades
| Strength of the Wild | 3 | |
| Reinforced Hides | 3 | |
| Hardened Skin | 1 | |
| Resistant Skin | 1 | |
8 total
» buildings
| Moon Well | 9 | |
| Ancient of War | 1 | |
| Altar of Elders | 1 | |
| Tree of Ages | 1 | |
| Ancient of Wonders | 1 | |
| Hunter's Hall | 1 | |
| Ancient of Lore | 2 | |
| Tree of Eternity | 1 | |
| Tree of Life | 1 | |
| Ancient Protector | 11 | |
29 total
» build order
00:36 Moon Well
00:49 Ancient of War
01:32 Altar of Elders
01:37 Moon Well
03:08 Tree of Ages
03:14 Ancient of Wonders
03:53 Hunter's Hall
05:07 Moon Well
06:03 Ancient of Lore
06:11 Ancient of Lore
06:20 Moon Well
07:35 Tree of Eternity
08:32 Tree of Eternity
09:49 Moon Well
10:52 Moon Well
12:16 Moon Well
12:37 Tree of Life
13:11 Moon Well
14:08 Moon Well
16:50 Ancient Protector
16:54 Ancient Protector
17:07 Ancient Protector
17:23 Ancient Protector
17:35 Ancient Protector
17:49 Ancient Protector
18:04 Ancient Protector
20:15 Ancient Protector
20:40 Ancient Protector
20:52 Ancient Protector
21:34 Ancient Protector
» items
| Staff of Teleportation | 1 | |
| Moonstone | 2 | |
| Scroll of Town Portal | 1 | |
4 total
Chat log
(00:47 / Allies) LoL357: 100 gold plz
(01:28 / Allies) aMoK)MeRcy.: play me
(01:29 / Allies) aMoK)MeRcy.: 2 min
(01:31 / Allies) aMoK)MeRcy.: i go for shit
(01:43 / Allies) aMoK)MeRcy.: ok?
(01:45 / Allies) YankeeDevil: should have waited till you started teching fool
(01:46 / Allies) LoVeDuBsTeP: KK
(01:52 / Allies) aMoK)MeRcy.: plau me
(01:53 / Allies) aMoK)MeRcy.: 2 min
(01:55 / Allies) aMoK)MeRcy.: i go for shit
(03:53 / Allies) YankeeDevil: I got
(03:58 / Allies) YankeeDevil: I got
(04:15 / Allies) YankeeDevil: missed the m key
(05:09 / Allies) aMoK)MeRcy.: omg
(05:10 / Allies) LoVeDuBsTeP: i do mass gian t
(05:11 / Allies) aMoK)MeRcy.: noobs
(05:12 / Allies) aMoK)MeRcy.: i said
(05:15 / Allies) aMoK)MeRcy.: i fo for shit
(05:16 / Allies) LoVeDuBsTeP: who do anti air'
(06:26 / Allies) LoVeDuBsTeP: wood pls
(06:30 / Allies) YankeeDevil: we can't tech with you moron
(08:09 / Allies) LoVeDuBsTeP: wood pls
(10:25 / Allies) aMoK)MeRcy.: lumber
(10:25 / Allies) aMoK)MeRcy.: plz
(11:59 / Allies) LoVeDuBsTeP: creep alone
(13:53 / Allies) LoVeDuBsTeP: wood pls
(14:52 / Allies) aMoK)MeRcy.: lumbers plz
(14:59 / Allies) LoVeDuBsTeP: lumber??
(15:08 / Allies) aMoK)MeRcy.: y
(15:09 / Allies) aMoK)MeRcy.: plz
(15:10 / Allies) aMoK)MeRcy.: lumber
(15:14 / Allies) LoVeDuBsTeP: wood?
(17:11 / Allies) LoL357: gold plz
(19:14 / Allies) aMoK)MeRcy.: go all atack
(19:42 / Allies) LoVeDuBsTeP: who have anti air?
(19:43 / Allies) aMoK)MeRcy.: b
(20:31 / Allies) YankeeDevil: what teh fuck are you goofs waiting on
(21:26 / Allies) aMoK)MeRcy.: night
(21:27 / Allies) aMoK)MeRcy.: elf
(21:28 / Allies) aMoK)MeRcy.: here
(21:28 / Allies) aMoK)MeRcy.: ?
(22:26 / Allies) LoVeDuBsTeP: gold pls 300 4 tp
(22:40 / All) ellivekin: OMG
(22:56 / Allies) LoVeDuBsTeP: pls gold 4 tp
(23:07 / All) YankeeDevil: hahah
(23:43 / All) YankeeDevil: red's air followjng his hero he's awsesome
(24:30 / All) YankeeDevil: absolute retard team
(26:36 / Allies) LoVeDuBsTeP: yellow give me gold pls
(26:50 / Allies) YankeeDevil: I'm doing a challenge bro
(26:57 / Allies) LoVeDuBsTeP: do anti air then
(27:03 / Allies) YankeeDevil: not units no feeding
(28:16 / Allies) LoVeDuBsTeP: yellow use this fucking gold
(30:40 / Allies) LoVeDuBsTeP: yellow noob use gold or give meee
(30:47 / Allies) YankeeDevil: You can't read?
(30:57 / Allies) LoVeDuBsTeP: no say me??
(33:37 / All) Let.me.in: FUCK YOU
(34:14 / Allies) LoVeDuBsTeP: gold pls yellow 4 the hero
(34:32 / Allies) aMoK)MeRcy.: lol
(34:33 / Allies) aMoK)MeRcy.: ?
(34:34 / Allies) aMoK)MeRcy.: xD
(34:53 / Allies) LoVeDuBsTeP: ty
(35:19 / Allies) LoVeDuBsTeP: ty
(35:24 / Allies) aMoK)MeRcy.: 340
(35:25 / Allies) aMoK)MeRcy.: gold
(35:25 / Allies) YankeeDevil: had to break the rules a little
(35:26 / Allies) aMoK)MeRcy.: for
(35:27 / Allies) aMoK)MeRcy.: my
(35:27 / Allies) YankeeDevil: you guys are fucking dumb
(35:28 / Allies) aMoK)MeRcy.: hero
(35:29 / Allies) aMoK)MeRcy.: 340
(35:30 / Allies) aMoK)MeRcy.: gold
(35:31 / Allies) aMoK)MeRcy.: -clear
(37:24 / Allies) aMoK)MeRcy.: good
(37:25 / Allies) aMoK)MeRcy.: job
(37:53 / Allies) aMoK)MeRcy.: who want
(37:54 / Allies) aMoK)MeRcy.: heal stone
(37:55 / Allies) aMoK)MeRcy.: ?
(37:59 / Allies) aMoK)MeRcy.: who want heal stone
(38:00 / Allies) aMoK)MeRcy.: ?
(38:02 / Allies) YankeeDevil: me
(38:08 / Allies) aMoK)MeRcy.: take
(38:33 / Allies) aMoK)MeRcy.: gj
(38:33 / Allies) aMoK)MeRcy.: axax
(38:34 / All) YankeeDevil: "northrend good" LOL
(38:59 / Allies) LoVeDuBsTeP: pls gold 4 other mountain giant
(39:08 / All) YankeeDevil: need gold? I got plenty
(39:39 / Allies) LoVeDuBsTeP: gold 4 mine pls